 Dungeon Crawl Stone Soup version 0.30-a0-1160-g6e42c06551 (webtiles) character file.

Game seed: 6550295289430302029

4 Barriton the Firebug (level 1, 0/14 HPs)
             Began as a Draconian Fire Elementalist on Apr 26, 2023.
             Slain by a goblin
             ... wielding a +0 club
              (4 damage)
             ... on level 1 of the Dungeon.
             The game lasted 00:00:14 (34 turns).

Barriton the Firebug (Draconian Fire Elementalist)    Turns: 34, Time: 00:00:16

Health: 0/14       AC:  4    Str: 10    XL:     1   Next: 50%
Magic:  0/3        EV: 12    Int: 15    God:
Gold:   16         SH:  0    Dex: 11    Spells: 3/4 levels left

rFire   . . .        (no weapon)
rCold   . . .        (no shield)
rNeg    . . .        (body armour unavailable)
rPois   .            (helmet restricted)
rElec   .            (no cloak)
rCorr   .            (no gloves)
SInv    .            (no boots)
Will    .....        (no amulet)
Stlth   ++           (no ring)
HPRegen 0.22/turn    (no ring)
MPRegen 0.08/turn

%: no passive effects
@: slowed, very slow
A: AC +4, unfitting armour, cold-blooded
a: no special abilities


You were on level 1 of the Dungeon.
You visited 1 branch of the dungeon, and saw 1 of its levels.

You collected 16 gold pieces.

Inventory:

Potions
 a - a potion of magic


   Skills:
 + Level 2.1 Dodging
 + Level 1.7 Stealth
 + Level 2.0 Spellcasting
 + Level 1.0 Conjurations
 + Level 3.0 Fire Magic


You had 3 spell levels left.
You knew the following spells:

 Your Spells              Type           Power      Damage    Failure   Level
a - Foxfire               Conj/Fire      28%        2x1d5     10%         1

Your spell library contained the following spells:

 Spells                   Type           Power      Damage    Failure   Level
 Scorch                   Fire           20%        2d6       10%         2
 Inner Flame              Hex/Fire       6%         N/A       34%         3
 Volatile Blastmotes      Fire/Tloc      12%        2d11      34%         3
 Flame Wave               Conj/Fire      7%         2d5       67%         4


Dungeon Overview and Level Annotations

Branches:
Dungeon (1/15)

Altars:


Innate Abilities, Weirdness & Mutations

Your plain brown scales are hard. (AC +4)
You cannot fit into any form of body armour.
You are cold-blooded and may be slowed by cold attacks.


Message History

You kill the goblin!
The goblin barely misses you. The kobold closely misses you.
The goblin barely misses you. The kobold barely misses you.
You see here a +0 club.
The goblin closely misses you. The kobold closely misses you.
You barely miss the goblin. The goblin hits you but does no damage.
The kobold barely misses you.
The kobold throws a stone.
The stone hits you but does no damage.
You barely miss the goblin. The goblin closely misses you.
The kobold hits you but does no damage.
You completely miss the goblin. The goblin misses you. The kobold misses you.
The kobold throws a stone.
The stone hits you but does no damage.
Casting: Foxfire (safe; 10% risk of failure)
Confirm with . or Enter, or press ? or * to list all spells.
You conjure some foxfire!
The goblin barely misses you. The kobold hits you but does no damage.
Unknown command.
You hit the kobold.
The kobold is moderately wounded.
The foxfire hits the kobold but does no damage.
The kobold is moderately wounded.
The foxfire hits the kobold.
The kobold is severely wounded.
The goblin closely misses you. The kobold barely misses you.
The kobold misses you.
You barely miss the kobold.
Your tail-slap misses the kobold.
The kobold is moderately wounded.
The goblin hits you with a +0 club.
The kobold hits you but does no damage. x2
You closely miss the kobold. The goblin hits you with a +0 club.
The kobold hits you but does no damage. The kobold closely misses you.
You hit the kobold.
The kobold is moderately wounded.
The goblin hits you with a +0 club.
The kobold hits you but does no damage. x2
You hit the kobold.
You kill the kobold!
The kobold hits you with a +0 dagger of freezing.
You feel yourself slow down. The kobold freezes you.
* * * LOW HITPOINT WARNING * * *
The goblin hits you with a +0 club.
You die...

#≈≈≈≈≈≈≈≈≈≈#..# #
#≈≈≈≈.≈≈≈≈≈#..#.# .
#≈≈≈~....≈≈#..#.###..
#≈≈~≈≈...≈≈#..#......
#≈....(...≈#.........
#....<..≈≈≈#.........
#.......§.≈≈#..####...
#..........###K)g......
...............@)....#.
######.................
....................
..#.######...####.#.
..+. ...... ... #
##...#.# .. #...#.#
..... .


You could see a goblin and a kobold.

Vanquished Creatures
  A dart slug (D:1)
  A goblin (D:1)
  A kobold (D:1)
3 creatures vanquished.

Vanquished Creatures (others)
  7 foxfires (D:1)
7 creatures vanquished.

Grand Total: 10 creatures vanquished

Notes
Turn   | Place    | Note
-------+----------+-------------------------------------------
     0 | D:1      | Barriton the Draconian Fire Elementalist began the quest
                  | for the Orb.
     0 | D:1      | Reached XP level 1. HP: 14/14 MP: 3/3
    34 | D:1      | Slain by a goblin

Illustrated notes

Levels and vault maps discovered:
D:1:      dpeg_arrival_pond, layout_basic, serial_shops, shop

Skill      XL: |  1 |
---------------+----+-----
Dodging        | 2 |  2.1
Stealth        | |  1.7
Spellcasting   | |  2.0
Conjurations   | |  1.0
Fire Magic     | |  3.0

Action                     || total
---------------------------++-------
  Melee: Unarmed           ||    15
         Tailslap          ||     2
   Cast: Foxfire           ||     4
 Armour: Skin              ||    14
  Dodge: Dodged            ||    23

Table legend: (Time is in decaauts)
 A = Elapsed time spent in this place.
 B = Non-inter-level travel time spent in this place.
 C = Inter-level travel time spent in this place.
 D = Time resting spent in this place.
 E = Time spent auto-exploring this place.
 F = Levels seen in this place.
 G = Mean time per level.
                   A        B        C        D        E       F      G
               +--------+--------+--------+--------+--------+-----+--------+
         Total |     34 |     34 |      0 |      0 |     10 |   1 |   34.0 |
       Dungeon |     34 |     34 |      0 |      0 |     10 |   1 |   34.0 |
               +--------+--------+--------+--------+--------+-----+--------+

Top non-repeatable levels by time:
     D:1: 34 daAuts
